 Dungeon Crawl Stone Soup version 0.30-a0-358-g0d69a1922f (webtiles) character file.

Game seed: 5327599175916199858

47341 vineage the Bludgeoner (level 14, -12/92 HPs)
             Began as a Gargoyle Fighter on Nov 10, 2022.
             Was the Champion of Okawaru.
             Killed from afar by an oklob plant (31 damage)
             ... with a splash of acid
             ... on level 4 of the Lair of Beasts.
             The game lasted 00:19:28 (16436 turns).

vineage the Bludgeoner (Gargoyle Fighter)          Turns: 16436, Time: 00:19:28

Health: -12/92     AC: 21    Str: 27    XL:     14   Next: 41%
Magic:  16/18      EV: 11    Int: 10    God:    Okawaru [******]
Gold:   1501       SH: 22    Dex: 11    Spells: 13/13 levels left

rFire   . . .      SeeInvis .    Q - +7 eveningstar
rCold   + . .      Faith    .    J - +2 kite shield {AC+3}
rNeg    + . .      Spirit   .    b - +0 scale mail
rPois   ∞          Reflect  +    R - +0 hat of Moral Flaws {Dex+2}
rElec   +          Harm     .    q - scarf {shadows}
rCorr   .          Rampage  .    (no gloves)
Will    +....                    S - +0 pair of boots
Stlth   +.........               D - amulet of reflection
HPRegen 0.35/turn                u - +4 ring of slaying
MPRegen 0.16/turn                A - ring of Harmony {rC+ Str+3}

@: heroic, corroded, flying, studying Shields
A: sickness immunity, AC +10, big wings, negative energy resistance 1,
electricity resistance, torment resistance 1, petrification resistance
a: Renounce Religion, Heroism, Finesse, Duel


You were on level 4 of the Lair of Beasts.
You worshipped Okawaru.
Okawaru was exalted by your worship.
You visited 3 branches of the dungeon, and saw 17 of its levels.
You also visited: Ice Cave.

You collected 1501 gold pieces.

Inventory:

Hand Weapons
 k - the +9 whip of Ygaudus {elec, rF+ Str+2 Dex+2 Stlth+}
   (You found it on level 2 of the Dungeon)

   It occasionally discharges a powerful burst of electricity upon striking a
   foe.
   Str:       It affects your strength (+2).
   Dex:       It affects your dexterity (+2).
   rF:        It protects you from fire.
   Stlth:     It makes you more stealthy.
 Q - a +7 eveningstar (weapon)
Missiles
 H - a throwing net (quivered)
Armour
 b - a +0 scale mail (worn)
 q - a scarf of shadows (worn)
 J - a +2 kite shield of protection (worn)
 R - the +0 hat of Moral Flaws (worn) {Dex+2}
   (Okawaru gifted it to you on level 3 of the Lair of Beasts)

   Dex:       It affects your dexterity (+2).
 S - a +0 pair of boots (worn)
Jewellery
 m - a +4 ring of protection
 u - a +4 ring of slaying (left hand)
 x - a +4 ring of evasion
 y - a ring of protection from fire
 A - the ring of Harmony (right hand) {rC+ Str+3}
   (You found it on level 7 of the Dungeon)

   [ring of protection from cold]

   Str:       It affects your strength (+3).
   rC:        It protects you from cold.
 B - a +6 ring of dexterity
 D - an amulet of reflection (around neck)
 F - the amulet of Viac {Acrobat Rampage Will+ Int+4}
   (You found it on level 8 of the Dungeon)

   [amulet of the acrobat]

   It increases your evasion while moving and waiting.
   Int:       It affects your intelligence (+4).
   Rampage:   It bestows one free step when moving towards enemies.
   Will:      It increases your willpower.
 G - a ring of protection from cold
Wands
 r - a wand of paralysis (11)
 s - a wand of acid (9)
 E - a wand of flame (22)
 K - a wand of polymorph (5)
Scrolls
 a - 7 scrolls of teleportation
 c - a scroll of fear
 h - 3 scrolls of amnesia
 t - 6 scrolls of enchant armour
 O - a scroll of magic mapping
 P - 2 scrolls of blinking
Potions
 d - a potion of might
 f - 6 potions of attraction
 g - 7 potions of brilliance
 i - 5 potions of curing
 j - a potion of resistance
 l - a potion of berserk rage
 n - 3 potions of mutation
 o - 4 potions of degeneration
 p - 2 potions of flight
 v - 3 potions of haste
 w - 2 potions of magic
 z - a potion of invisibility
 C - 5 potions of lignification
 I - a potion of cancellation
 L - a potion of heal wounds


   Skills:
 + Level 12.5(17.5) Fighting
 * Level 15.5(20.5) Maces & Flails
 + Level 12.3(17.3) Armour
 + Level 15.5(20.5) Shields
 + Level 5.6 Invocations


You had 13 spell levels left.
You didn't know any spells.
Your spell library contained the following spells:

 Spells                   Type           Power      Damage    Failure   Level
 Gell's Gravitas          Tloc           0%         N/A       95%         3
 Hailstorm                Conj/Ice       0%         3d3       95%         3
 Ignite Poison            Fire/Tmut/Pois 0%         N/A       95%         3
 Kindle Blastsparks       Fire/Tloc/Air  0%         2d10      95%         3
 Teleport Other           Tloc           0%         N/A       95%         3
 Dispel Undead            Necr           0%         3d6       100%        4
 Ice Form                 Ice/Tmut       0%         N/A       100%        4
 Freezing Cloud           Conj/Ice/Air   0%         6-21      100%        5
 Dispersal                Tloc           0%         N/A       100%        6
 Cigotuvi's Dreadful Rot  Necr/Pois/Air  Unusable   N/A       N/A         2
 Death Channel            Necr           Unusable   N/A       N/A         6
 Simulacrum               Ice/Necr       Unusable   N/A       N/A         6
 Malign Gateway           Summ/Tloc      Unusable   N/A       N/A         7
 Summon Horrible Things   Summ           Unusable   N/A       N/A         8

Dungeon Overview and Level Annotations

Branches:
Dungeon (12/15)            Temple (1/1) D:5            Lair (4/5) D:8
 Shoals (0/4) Lair:3        Snake (0/4) Lair:2        Slime (0/5) Lair:4
    Orc (0/2) D:9           IceCv (visited)

Altars:
Ashenzari
Cheibriados
Dithmenos
Elyvilon
Fedhas
Gozag
Hepliaklqana
Kikubaaqudgha
Makhleb
Nemelex Xobeh
Okawaru
Qazlal
Ru
Sif Muna
Trog
Uskayaw
Vehumet
Wu Jian
Xom
Yredelemnul
Zin
The Shining One
Jiyva

Shops:
D:4 [

Annotations:
D:12 1 runed translucent door
Lair:4 exclusion: 2 oklob plants


Innate Abilities, Weirdness & Mutations

You are immune to sickness and miasma.
Your stone body is resilient. (AC +10)
You are immune to poison.
Your large and strong wings let you fly.
You resist negative energy. (rN+)
You are resistant to electric shocks. (rElec)
You are resistant to unholy torment.
You are immune to petrification.


Message History

Things that are here:
an elephant corpse; an elephant corpse You thump the elephant!
The elephant is moderately wounded.
You block the elephant's attack. x2
You sock the elephant!
The elephant is heavily wounded.
The elephant closely misses you. You block the elephant's attack.
You bludgeon the elephant!!
The elephant is almost dead.
The elephant tramples you!
You are shoved backwards!
You spit the elephant like a pig!!!
You kill the elephant!
Okawaru accepts your kill.
Things that are here:
an elephant corpse; an elephant corpse You start resting.
You feel like a meek peon again.
You start resting.
You start resting.
HP restored.
You start waiting.
Done waiting.
Really fly into a travel-excluded area?
The oklob plant spits acid at you. The splash of acid hits you!!
The acid corrodes you! The oklob plant spits acid at you.
The splash of acid hits you!! The acid corrodes you!
You sock the oklob plant!
The oklob plant is moderately damaged.
The oklob plant spits acid at you. The splash of acid hits you!
The oklob plant spits acid at you. The splash of acid hits you!!
* * * LOW HITPOINT WARNING * * *
Okay, then.
You gain the combat prowess of a mighty hero.
The oklob plant spits acid at you. The splash of acid hits you!!
You die...

#........#
#.......##
##......###
#.......P#
#...(....###
##..........#
#...........#
##..........#
#P....@.....#
#.....PP....#
###P...>....#
##...._...#
#........#
#......#..
##########


You could see 2 oklob plants.

Vanquished Creatures
  2 azure jellies (IceCv)
  3 quicksilver oozes (IceCv)
  A fire dragon (D:11)
  2 hydras (D:11)
  Fannar (D:10)
  Harold (D:9)
  2 catoblepae (Lair:4)
  2 centaur warriors
  A two-headed ogre (D:7)
  3 boulder beetles
  Urug (D:11)
  Nergalle (Lair:2)
  A sixfirhy (D:8)
  Amaemon (Lair:1)
  The ghost of Pim the Martial Artist, a novice GnTm of Cheibriados (D:7)
  Lodul (D:11)
  A wizard (D:11)
  2 ugly things (D:12)
  2 cyclopes
  4 elephants (Lair:4)
  An ice statue (IceCv)
  6 cane toads
  An orange demon (Lair:2)
  A kobold demonologist (D:10)
  2 gargoyles (D:7)
  Psyche (D:8)
  A torpor snail (Lair:3)
  Maggie (Lair:2)
  8 komodo dragons
  2 efreet (D:11)
  2 rime drakes
  A meliai (D:11)
  A troll (D:12)
  2 hornets (D:9)
  3 slime creatures (D:7)
  22 blink frogs
  2 wyverns
  42 yaks
  A vampire (D:10)
  A wraith (D:10)
  The ghost of Lanoc the Grasshopper, an amateur DrWr (D:4)
  Grum (D:8)
  5 basilisks
  3 steam dragons
  A naga (Lair:2)
  2 acid dragons
  12 water moccasins
  3 black bears
  A great orb of eyes simulacrum (IceCv)
  5 ice beasts
  8 ogres
  3 orc warriors
  16 wolves
  2 slime creature simulacra (IceCv)
  2 centaurs
  3 phantoms (D:5)
  3 kobold brigands
  2 gnoll sergeants
  10 bullfrogs
  3 glowing shapeshifter simulacra (IceCv)
  2 scorpions
  A water moccasin zombie (D:5)
  17 wights
  A jelly (D:7)
  3 howler monkeys (D:7)
  2 bullfrog zombies (D:5)
  2 centaur skeletons (D:5)
  2 bullfrog skeletons (D:5)
  2 hounds (D:5)
  4 orc priests
  2 iguanas
  8 orc wizards
  3 shapeshifter simulacra (IceCv)
  The ghost of mopl the Sneak, a weakling OpDe (D:4)
  2 hound zombies (D:5)
  A hound skeleton (D:5)
  8 gnolls
  4 adders
  A shadow imp (D:5)
  A howler monkey simulacrum (D:11)
  12 white imps (Lair:1)
  3 worms
  2 dart slugs (D:4)
  25 orcs
  8 bats
  9 endoplasms
  3 giant cockroaches
  6 hobgoblins
  6 jackals
  3 quokkas
  8 ball pythons
  4 frilled lizards (D:1)
  7 goblins
  19 kobolds
  3 rats (D:1)
405 creatures vanquished.

Vanquished Creatures (others)
  A centaur simulacrum (D:11)
  2 gnolls (D:7)
  12 demonic plants (D:7)
  8 fungi
  36 plants
  4 withered plants (D:4)
63 creatures vanquished.

Grand Total: 468 creatures vanquished

Notes
Turn   | Place    | Note
-------+----------+-------------------------------------------
     0 | D:1      | vineage the Gargoyle Fighter began the quest for the Orb.
     0 | D:1      | Reached XP level 1. HP: 14/14 MP: 1/1
   250 | D:1      | Reached XP level 2. HP: 19/19 MP: 2/2
   558 | D:1      | Found a faded altar of an unknown god.
   606 | D:1      | Reached XP level 3. HP: 24/24 MP: 3/3
  1265 | D:2      | Identified the +9 whip of Ygaudus {elec, rF+ Str+2 Dex+2
                  | Stlth+}
  1401 | D:2      | Reached XP level 4. HP: 29/29 MP: 4/4
  1894 | D:3      | Found a stormy altar of Qazlal.
  1894 | D:3      | Found a sparkling altar of Nemelex Xobeh.
  1897 | D:3      | Found a shimmering altar of Xom.
  1904 | D:3      | Found a glowing golden altar of the Shining One.
  2100 | D:3      | Found a burning altar of Makhleb.
  2101 | D:3      | Found a snail-covered altar of Cheibriados.
  2102 | D:3      | Found a sacrificial altar of Ru.
  2105 | D:3      | Found a bloodstained altar of Trog.
  2269 | D:4      | Found Iffiuh's Armour Boutique.
  2494 | D:4      | Noticed a scorpion
  2501 | D:4      | Killed a scorpion
  2502 | D:4      | Reached XP level 5. HP: 33/33 MP: 5/5
  2531 | D:4      | Found a runed translucent gate.
  2547 | D:4      | Found a runed translucent gate.
  2619 | D:4      | Found a runed translucent gate.
  2929 | D:4      | Noticed mopl's ghost (weakling OpDe)
  2929 | D:4      | Noticed Lanoc's ghost (amateur DrWr)
  2964 | D:4      | Killed mopl's ghost
  2978 | D:4      | Killed Lanoc's ghost
  2979 | D:4      | Reached XP level 6. HP: 39/39 MP: 6/6
  3031 | D:5      | Entered Level 5 of the Dungeon
  3240 | D:5      | Found a staircase to the Ecumenical Temple.
  3266 | D:5      | Reached skill level 5 in Fighting
  3266 | D:5      | Reached skill level 5 in Maces & Flails
  3266 | D:5      | Reached XP level 7. HP: 30/44 MP: 7/7
  3278 | Temple   | Entered the Ecumenical Temple
  3548 | Temple   | Became a worshipper of Warmaster Okawaru
  3712 | D:5      | Reached * piety under Okawaru
  3713 | D:5      | Reached skill level 5 in Armour
  3713 | D:5      | Reached skill level 5 in Shields
  3719 | D:5      | Reached XP level 8. HP: 42/50 MP: 8/8
  4105 | D:6      | Found the amulet of Elemental Vulnerability {rPois rF--
                  | rC-- AC+8}
  4235 | D:6      | Reached skill level 1 in Invocations
  4420 | D:6      | Reached ** piety under Okawaru
  4883 | D:7      | Noticed a slime creature
  4886 | D:7      | Noticed a slime creature
  4889 | D:7      | Noticed a boulder beetle
  4903 | D:7      | Killed a slime creature
  4904 | D:7      | Reached XP level 9. HP: 37/56 MP: 7/10
  4929 | D:7      | HP: 1/56 [gnoll sergeant/+0 spear (8)]
  5041 | D:7      | Noticed a two-headed ogre
  5042 | D:7      | Reached *** piety under Okawaru
  5052 | D:7      | Killed a two-headed ogre
  5208 | D:7      | Noticed a cyclops
  5215 | D:7      | Reached XP level 10. HP: 54/63 MP: 13/13
  5225 | D:7      | Killed a cyclops
  5232 | D:7      | Reached **** piety under Okawaru
  5361 | D:7      | Killed a boulder beetle
  5582 | D:7      | Reached skill level 5 in Invocations
  5604 | D:7      | Identified the +4 war axe of the Hurtling Wolf {freeze,
                  | rN++ Dex+2 Stlth+}
  5612 | D:7      | Identified the ring of Harmony {rC+ Str+3}
  5733 | D:7      | Noticed a gargoyle
  5743 | D:7      | Killed a gargoyle
  5798 | D:7      | Found a large runed translucent door.
  5798 | D:7      | Found a large runed translucent door.
  5800 | D:7      | Noticed Pim's ghost (novice GnTm)
  5915 | D:7      | Noticed a gargoyle
  5933 | D:7      | Killed a gargoyle
  6363 | D:7      | Killed Pim's ghost
  6363 | D:7      | Reached ***** piety under Okawaru
  6364 | D:7      | Reached skill level 10 in Maces & Flails
  6542 | D:8      | Noticed Psyche
  6550 | D:8      | Killed Psyche
  6551 | D:8      | Reached XP level 11. HP: 64/69 MP: 11/14
  6601 | D:8      | Noticed Grum
  6625 | D:8      | Killed Grum
  7037 | D:8      | Found a runed translucent door.
  7037 | D:8      | Noticed a sixfirhy
  7302 | D:8      | Identified the amulet of Viac {Acrobat Rampage Will+ Int+4}
  7304 | D:8      | Found a staircase to the Lair.
  7554 | D:8      | Killed a sixfirhy
  7752 | D:9      | Found a staircase to the Orcish Mines.
  7795 | D:9      | Reached skill level 10 in Shields
  8074 | D:9      | Noticed Harold
  8094 | D:9      | Killed Harold
  8094 | D:9      | Identified the +1 robe "Quryogun" {rF+ Stlth+} (Okawaru
                  | gifted it to you on level 9 of the Dungeon)
  8094 | D:9      | Received a gift from Okawaru
  8141 | D:9      | Noticed a centaur warrior
  8147 | D:9      | Killed a centaur warrior
  8514 | D:10     | Entered Level 10 of the Dungeon
  9097 | D:10     | Found a shimmering blue altar of Sif Muna.
  9165 | D:10     | Noticed Fannar
  9179 | D:10     | Killed Fannar
  9180 | D:10     | Reached XP level 12. HP: 71/77 MP: 13/15
  9276 | D:11     | Noticed a fire dragon
  9285 | D:11     | Noticed an eight-headed hydra
  9314 | D:11     | Killed an eight-headed hydra
  9335 | D:11     | Reached skill level 10 in Fighting
  9335 | D:11     | Noticed an eight-headed hydra
  9348 | D:11     | Killed an eight-headed hydra
  9409 | D:11     | Killed a fire dragon
  9409 | D:11     | Received a gift from Okawaru
  9484 | D:11     | Reached skill level 10 in Armour
  9514 | D:11     | Noticed Lodul
  9527 | D:11     | Killed Lodul
  9853 | D:11     | Identified the +0 spear "Yrauff" {vorpal, rF- rN+ Int+7}
  9853 | D:11     | Noticed a centaur warrior
  9866 | D:11     | Killed a centaur warrior
  9875 | D:11     | Paralysed by a meliai for 3 turns
 10269 | D:11     | Noticed Urug
 10278 | D:11     | Killed Urug
 10675 | D:11     | Found a glowing silver altar of Zin.
 10847 | D:12     | Found a runed translucent door.
 11802 | Lair:1   | Entered Level 1 of the Lair of Beasts
 11897 | Lair:1   | Reached XP level 13. HP: 63/84 MP: 16/16
 11904 | Lair:1   | Found a frozen archway.
 11912 | IceCv    | Entered an ice cave
 12341 | IceCv    | Noticed a quicksilver ooze
 12347 | IceCv    | Killed a quicksilver ooze
 12350 | IceCv    | Noticed a quicksilver ooze
 12357 | IceCv    | Killed a quicksilver ooze
 12357 | IceCv    | Reached ****** piety under Okawaru
 12580 | IceCv    | Noticed a quicksilver ooze
 12586 | IceCv    | Killed a quicksilver ooze
 12586 | IceCv    | Received a gift from Okawaru
 12666 | IceCv    | Found a viscous altar of Jiyva.
 12666 | IceCv    | Noticed an azure jelly
 12676 | IceCv    | Killed an azure jelly
 12678 | IceCv    | Noticed an azure jelly
 12682 | IceCv    | Killed an azure jelly
 12700 | IceCv    | Got the ring "Uhoised" {rElec rC+ Int-5 Stlth+}
 13574 | Lair:1   | Received a gift from Okawaru
 13888 | Lair:2   | Noticed Amaemon
 13907 | Lair:1   | Killed Amaemon
 14134 | Lair:2   | Noticed Maggie
 14138 | Lair:2   | Killed Maggie
 14628 | Lair:2   | Noticed Nergalle
 14644 | Lair:2   | Killed Nergalle
 14726 | Lair:2   | Found a staircase to the Snake Pit.
 15045 | Lair:3   | Identified the +0 falchion of Unpleasantness {speed, Contam
                  | rCorr Str+6} (Okawaru gifted it to you on level 3 of the
                  | Lair of Beasts)
 15045 | Lair:3   | Received a gift from Okawaru
 15053 | Lair:3   | Gained mutation: Your large and strong wings let you fly.
                  | [Gargoyle growth]
 15053 | Lair:3   | Reached XP level 14. HP: 83/92 MP: 17/17
 15061 | Lair:3   | Reached skill level 15 in Maces & Flails
 15154 | Lair:3   | Reached skill level 15 in Shields
 15220 | Lair:3   | Found a staircase to the Shoals.
 15663 | Lair:3   | Identified the +0 hat of Moral Flaws {Dex+2} (Okawaru
                  | gifted it to you on level 3 of the Lair of Beasts)
 15663 | Lair:3   | Received a gift from Okawaru
 16131 | Lair:4   | Found a staircase to the Slime Pits.
 16132 | Lair:4   | Found a viscous altar of Jiyva.
 16436 | Lair:4   | Killed from afar by an oklob plant

Illustrated notes

Levels and vault maps discovered:
D:1:      kilobyte_arrival_exit_the_forest, layout_basic,
          dreamdust_ecumenical_altar_angels_and_demons, minmay_pentomino_r4
D:2:      layout_basic
D:3:      layout_basic, minitemple, minmay_misc_feat_square, grunt_ministairs_9
D:4:      layout_cave_pools, serial_shops, nicolae_shop_crystal,
          gammafunk_ghost_cemetery, minmay_statues_item
D:5:      layout_basic, minmay_temple_entry_statues_fountains, serial_undead,
          serial_undead_b, serial_undead_c, serial_undead_a, serial_undead_c
D:6:      layout_basic
D:7:      minmay_the_grid_octo_triangle [minmay_the_grid_octo_fan_narrow,
          minmay_the_grid_octo_prize_square_snowflake,
          minmay_the_grid_octo_empty], layout_rooms,
          ebering_ghost_disaster_area, dreamdust_princess_corridor, hex_tiny,
          kennysheep_dice
D:8:      cheibrodos_shockbox, layout_loops_ring, david_lair_shrubbed,
          minivault_26, uniq_grum, uniq_psyche
D:9:      layout_long_grid, david_orc_3, uniq_harold
D:10:     layout_cave_pools, lemuel_coloured_pillars_altar, billiards_dpeg,
          uniq_fannar
D:11:     minmay_cut_squares, layout_basic, zin_scriptorium, uniq_lodul,
          uniq_urug
D:12:     layout_roguey, lightli_church_of_beogh
Temple:   compressed_dpeg_triangle_lava_temple
Lair:1:   layout_regular_city, portal_ice_cave_entry_imps
Lair:2:   layout_roguey, guppyfry_snake_entry_island,
          infiniplex_staircase_pool_2, grunt_megastairs_2, uniq_maggie,
          uniq_nergalle, uniq_amaemon
Lair:3:   layout_roguey, shoals_dummy_entry, hibernation_bobbens
Lair:4:   layout_big_grid, minmay_slime_entry_oklob_open, grunt_megastairs_3

Skill      XL: |  1  2  3  4  5  6  7  8  9 10 11 12 13 14 |
---------------+-------------------------------------------+-----
Maces & Flails | 3 4 5 6 7 8 10 12 13 14 15 | 15.5
Fighting       | 4 5 6 7 8 9 10 12 | 12.5
Armour         | 4 5 6 7 8 9 10 11 12 | 12.3
Shields        | 4 5 6 7 8 11 13 14 15 | 15.5
Invocations    | 2 4 5 |  5.6

Action                   |  1- 3 |  4- 6 |  7- 9 | 10-12 | 13-15 || total
-------------------------+-------+-------+-------+-------+-------++-------
Melee: Flail             |    28 |       |       |       |       ||    28
       Whip              |    72 |    88 |   179 |   544 |       ||   883
       Eveningstar       |       |       |       |    80 |   479 ||   559
Invok: Heroism           |       |       |     2 |    17 |     4 ||    23
  Use: Scroll            |     2 |     7 |     2 |    16 |     2 ||    29
       Potion            |       |     1 |     5 |     6 |       ||    12
Armor: Scale mail        |    44 |    37 |   112 |   209 |   148 ||   550
Dodge: Dodged            |    42 |    29 |    77 |   136 |    71 ||   355
Block: Buckler           |    17 |    14 |    64 |   189 |       ||   284
       Reflection        |       |       |       |    25 |     2 ||    27
       Kite shield       |       |       |       |   129 |   438 ||   567

Table legend: (Time is in decaauts)
 A = Elapsed time spent in this place.
 B = Non-inter-level travel time spent in this place.
 C = Inter-level travel time spent in this place.
 D = Time resting spent in this place.
 E = Time spent auto-exploring this place.
 F = Levels seen in this place.
 G = Mean time per level.
                   A        B        C        D        E       F      G
               +--------+--------+--------+--------+--------+-----+--------+
         Total |  16113 |  15383 |    730 |   2482 |  10406 |  18 |  895.2 |
       Dungeon |  11263 |  10727 |    536 |   1232 |   7858 |  12 |  938.6 |
        Temple |    286 |    252 |     34 |      0 |    243 |   1 |  286.0 |
          Lair |   3694 |   3535 |    159 |    738 |   2130 |   4 |  923.5 |
      Ice Cave |    868 |    868 |      0 |    512 |    174 |   1 |  868.0 |
               +--------+--------+--------+--------+--------+-----+--------+

Top non-repeatable levels by time:
    D:11: 1554 daAuts
     D:7: 1499 daAuts
  Lair:1: 1327 daAuts
     D:8: 1160 daAuts
     D:1: 1034 daAuts
  Lair:3: 1000 daAuts
  Lair:2: 982 daAuts
     D:9: 906 daAuts
   IceCv: 868 daAuts
    D:12: 861 daAuts
     D:5: 773 daAuts
     D:6: 746 daAuts
    D:10: 713 daAuts
     D:4: 707 daAuts
     D:2: 700 daAuts
